 Dungeon Crawl Stone Soup version 0.23.2-40-g277498a (webtiles) character file.

Game seed: 7921636459138093305

104 zhovat1 the Digger (level 4, -1/25 HPs)
             Began as a Deep Elf Earth Elementalist on Aug 24, 2019.
             Slain by Natasha (9 damage)
             ... on level 3 of the Dungeon.
             The game lasted 00:03:18 (2131 turns).

zhovat1 the Digger (Deep Elf Earth Elementalist)    Turns: 2131, Time: 00:03:18

Health: -1/25      AC:  3    Str:  5    XL:     4   Next: 52%
Magic:  10/11      EV: 14    Int: 21    God:
Gold:   113        SH:  0    Dex: 15    Spells: 6/10 levels left

rFire    . . .     SeeInvis .   (no weapon)
rCold    . . .     Gourm    .   (no shield)
rNeg     . . .     Faith    .   c - +1 robe
rPois    .         Spirit   .   (no helmet)
rElec    .         Reflect  .   (no cloak)
rCorr    .         Harm     .   (no gloves)
MR       .....                  (no boots)
Stlth    ++........             (no amulet)
HPRegen  0.08/turn              (no ring)
MPRegen  0.12/turn              (no ring)

@: no status effects
A: no striking features
a: no special abilities


You were on level 3 of the Dungeon.
You were hungry.

You visited 1 branch of the dungeon, and saw 3 of its levels.

You collected 113 gold pieces.

Inventory:

Missiles
 b - 111 stones (quivered)
Armour
 c - a +1 robe (worn)
Scrolls
 g - a scroll of identify
 i - a scroll of enchant armour
 l - 2 scrolls of blinking
Potions
 a - a potion of heal wounds
 e - a potion of mutation
 f - 2 potions of haste
 h - a potion of brilliance
 k - a potion of cancellation
Comestibles
 d - 7 rations
 j - a chunk of flesh


   Skills:
 + Level 1.4 Fighting
 + Level 3.4 Dodging
 - Level 2.4 Stealth
 + Level 3.9 Spellcasting
 * Level 1.1 Conjurations
   Level 1.1 Transmutations
 + Level 4.0 Earth Magic


You had 6 spell levels left.
You knew the following spells:

 Your Spells              Type           Power        Failure   Level  Hunger
a - Sandblast             Erth           ###...       2%          1    None
b - Stone Arrow           Conj/Erth      ###...       12%         3    ###....

Your spell library contained the following spells:

 Spells                   Type           Power        Failure   Level  Hunger
 Passwall                 Tmut/Erth      ###.....     6%          2    #......
 Petrify                  Tmut/Erth      ###.....     38%         4    ####...
 Lee's Rapid Deconstruct  Erth           ###.......   54%         5    ######.


Dungeon Overview and Level Annotations

Branches:
Dungeon (3/15)

Altars:
Gozag
Uskayaw

Annotations:
D:3 Natasha


Message History

a chunk of flesh; the felid skeleton of Natasha
j - a chunk of flesh Natasha mumbles some strange words.
Natasha shimmers violently.
Natasha casts a spell at you. The magic dart hits you!
Natasha casts a spell at you. The magic dart hits you.
* * * LOW HITPOINT WARNING * * *
Natasha extends her claws.
Casting: Sandblast (safe; 2% risk of failure)
Confirm with . or Enter, or press ? or * to list all spells.
Aiming: Sandblast (safe; 2% risk of failure)
Press: ? - help, Shift-Dir - straight line, f - Natasha
Aim: Natasha The blast of sand hits Natasha!
Natasha is heavily wounded.
b - 111 stones Natasha claws you!
You die...

..##....#..... #
#.........####...
#..............#
...##...#......##
#.###.#.######...##
#. #.#...#.....#
#..#######...
#...#######.#
#........# #...#
#.#####h.......#.o
#..##
#.....@...รท......#
...###
#######........###
.....## #........#
..##..#####
#....<...#
#####.....###
#.......[#
#####...##
#######..# ###..#
#... ##.# ### ###


You could see Natasha.

Vanquished Creatures
  Natasha (D:3)
  2 adders (D:2)
  An ooze (D:2)
  2 worms
  3 dart slugs (D:1)
  A leopard gecko (D:3)
  2 giant cockroaches
  3 goblins
  4 hobgoblins
  6 kobolds
  3 ball pythons (D:1)
  4 bats (D:1)
  8 frilled lizards
  10 rats
50 creatures vanquished.

Notes
Turn   | Place    | Note
-------+----------+-------------------------------------------
     0 | D:1      | zhovat1 the Deep Elf Earth Elementalist began the quest for
                  | the Orb.
     0 | D:1      | Reached XP level 1. HP: 10/10 MP: 6/6
   214 | D:1      | Reached XP level 2. HP: 16/16 MP: 6/8
   632 | D:1      | Reached XP level 3. HP: 20/20 MP: 8/10
   653 | D:1      | Learned a level 3 spell: Stone Arrow
   893 | D:2      | Found an opulent altar of Gozag.
   922 | D:2      | Noticed a +0 dagger
   923 | D:2      | Noticed a +0 hand axe
   926 | D:2      | Found a hide-covered altar of Uskayaw.
   978 | D:2      | Reached skill level 1 in Fighting
  1522 | D:2      | Reached XP level 4. HP: 25/25 MP: 8/11
  1934 | D:3      | Reached skill level 4 in Earth Magic
  2009 | D:3      | Noticed Natasha
  2018 | D:3      | Killed Natasha
  2018 | D:3      | Reached skill level 1 in Conjurations
  2123 | D:3      | Noticed Natasha
  2131 | D:3      | Slain by Natasha

Skill      XL: |  1  2  3  4 |
---------------+-------------+-----
Dodging        | 3 |  3.4
Fighting       | 1 |  1.4
Earth Magic    | 4 |  4.0
Conjurations   | 1 |  1.1
Stealth        | |  2.4
Spellcasting   | |  3.9
Transmutations | |  1.1

Action                   |  1- 3 |  4- 6 || total
-------------------------+-------+-------++-------
Melee: Unarmed           |    10 |     2 ||    12
 Cast: Sandblast         |    53 |    14 ||    67
  Use: Scroll            |     7 |     5 ||    12
  Eat: Chunk             |     2 |     1 ||     3
Armor: Robe              |     9 |       ||     9
Dodge: Dodged            |    15 |     2 ||    17
